 Dungeon Crawl Stone Soup version 0.28.0-1-gb440e238dd (webtiles) character file.

Game seed: 7536724795085842506

147 Wentir the Firebug (level 5, -6/28 HPs)
             Began as a Gargoyle Fire Elementalist on Feb 22, 2022.
             Mangled by Crazy Yiuf (8 damage)
             ... on level 3 of the Dungeon.
             The game lasted 00:09:20 (3356 turns).

Wentir the Firebug (Gargoyle Fire Elementalist)     Turns: 3356, Time: 00:09:22

Health: -6/28      AC:  6    Str: 11    XL:     5   Next: 29%
Magic:  5/9        EV: 11    Int: 24    God:
Gold:   120        SH:  0    Dex: 10    Spells: 7/10 levels left

rFire   + . .      SeeInvis .   d - +0 whip
rCold   . . .      Faith    .   (no shield)
rNeg    + . .      Spirit   .   a - +0 robe
rPois   ∞          Reflect  .   (no helmet)
rElec   +          Harm     .   (no cloak)
rCorr   .          Rampage  .   (no gloves)
Will    .....                   (no boots)
Stlth   ++........              (no amulet)
HPRegen 0.09/turn               k - +6 ring of intelligence
MPRegen 0.11/turn               j - ring of protection from fire

@: slowed, very slow
A: sickness immunity, AC +4, negative energy resistance 1, electricity
resistance, torment resistance 1, petrification resistance
a: no special abilities


You were on level 3 of the Dungeon.
You visited 1 branch of the dungeon, and saw 3 of its levels.

You collected 120 gold pieces.

Inventory:

Hand Weapons
 d - a +0 whip (weapon)
Armour
 a - a +0 robe (worn)
 m - the +1 leather armour of the Nine Mystics {Str+4}
   (You found it on level 3 of the Dungeon)

   Str:       It affects your strength (+4).
Jewellery
 j - a ring of protection from fire (right hand)
 k - a +6 ring of intelligence (left hand)
Wands
 l - a wand of paralysis (11)
Scrolls
 b - a scroll of torment {unknown}
 c - a scroll of fog {unknown}
 e - a scroll of teleportation {unknown}
 h - a scroll of magic mapping {unknown}
 i - a scroll of identify {unknown}
Potions
 f - 4 potions of curing {unknown}
 g - a potion of might {unknown}
 n - a potion of attraction {unknown}
 o - a potion of brilliance {unknown}


   Skills:
 - Level 0.7 Fighting
 - Level 1.0 Maces & Flails
 - Level 1.5 Dodging
 - Level 2.1 Stealth
 + Level 3.2 Spellcasting
 + Level 2.2 Conjurations
 + Level 4.3 Fire Magic


You had 7 spell levels left.
You knew the following spells:

 Your Spells              Type           Power      Damage    Failure   Level
a - Foxfire               Conj/Fire      76%        2x1d7     2%          1
b - Scorch                Fire           48%        2d7       2%          2

Your spell library contained the following spells:

 Spells                   Type           Power      Damage    Failure   Level
 Conjure Flame            Conj/Fire      19%        6-21      9%          3
 Sting                    Tmut/Pois      12%        1d3       11%         1
 Inner Flame              Hex/Fire       14%        N/A       13%         3
 Blink                    Tloc           6%         N/A       16%         2
 Poisonous Vapours        Pois/Air       6%         N/A       16%         2
 Flame Wave               Conj/Fire      19%        2d6       26%         4
 Lesser Beckoning         Tloc           3%         N/A       32%         3
 Olgreb's Toxic Radiance  Pois           3%         N/A       71%         4
 Manifold Assault         Tloc           3%         N/A       96%         5


Dungeon Overview and Level Annotations

Branches:
Dungeon (3/15)

Altars:
Gozag
Kikubaaqudgha
The Shining One

Shops:
D:1 =

Annotations:
D:3 Crazy Yiuf


Innate Abilities, Weirdness & Mutations

You are immune to sickness and miasma.
Your stone body is resilient. (AC +4)
You are immune to poison.
You resist negative energy. (rN+)
You are resistant to electric shocks. (rElec)
You are resistant to unholy torment.
You are immune to petrification.


Message History

There is a large open door here.
There is a large open door here.
A ball python comes into view.
A ball python is nearby!
The ball python hisses angrily.
Casting: Scorch (safe; 2% risk of failure)
Confirm with . or Enter, or press ? or * to list all spells.
You conjure some foxfire!
Casting: Foxfire (safe; 2% risk of failure)
Confirm with . or Enter, or press ? or * to list all spells.
You conjure some foxfire!
The foxfire hits the ball python.
You kill the ball python!
Casting: Foxfire (safe; 2% risk of failure)
Confirm with . or Enter, or press ? or * to list all spells.
You conjure some foxfire!
Your foxfire dissipates!
You now have 120 gold pieces (gained 12).
Your foxfire dissipates! x2
Your foxfire dissipates! x2
There is an open door here.
Things that are here:
a +0 short sword; a +0 leather armour You open the door.
Casting: Foxfire (safe; 2% risk of failure)
Confirm with . or Enter, or press ? or * to list all spells.
Flames lash Crazy Yiuf.
Crazy Yiuf shouts!
Crazy Yiuf is moderately wounded.
Crazy Yiuf's fire resistance burns away.
Crazy Yiuf hits you with a +4 quarterstaff of chaos!
Ouch! That really hurt!
You feel yourself slow down.
Casting: Scorch (safe; 2% risk of failure)
Confirm with . or Enter, or press ? or * to list all spells.
Flames lash Crazy Yiuf.
Crazy Yiuf is burned terribly!
Crazy Yiuf is heavily wounded.
Crazy Yiuf hits you with a +4 quarterstaff of chaos!
* * * LOW HITPOINT WARNING * * *
Crazy Yiuf hits you with a +4 quarterstaff of chaos!
You die...

########....######....##
##..## #......# #P...#
#......# #.PP## #......#
##.## #......# #.##
#......# ##.# ###....#
#.## #....# ##@# ######
#g# ... #...# # #..)# #
##### # # # #


You could see Crazy Yiuf (combustible).

Vanquished Creatures
  A centaur zombie (D:3)
  A hound (D:3)
  3 adders
  A worm (D:2)
  2 dart slugs
  2 orcs (D:3)
  6 endoplasms
  A giant cockroach (D:2)
  6 hobgoblins
  6 jackals (D:1)
  4 kobolds
  A quokka (D:2)
  4 ball pythons
  4 bats
  3 frilled lizards
  5 rats
50 creatures vanquished.

Vanquished Creatures (others)
  110 foxfires
110 creatures vanquished.

Grand Total: 160 creatures vanquished

Notes
Turn   | Place    | Note
-------+----------+-------------------------------------------
     0 | D:1      | Wentir the Gargoyle Fire Elementalist began the quest for
                  | the Orb.
     0 | D:1      | Reached XP level 1. HP: 10/10 MP: 3/3
   170 | D:1      | Found Pauzapn's Jewellery Shoppe.
   338 | D:1      | Reached XP level 2. HP: 15/15 MP: 1/5
   341 | D:1      | Learned a level 2 spell: Scorch
  1054 | D:1      | Reached XP level 3. HP: 19/19 MP: 2/6
  2251 | D:3      | Identified the +1 leather armour of the Nine Mystics
                  | {Str+4}
  2265 | D:3      | Found a glowing golden altar of the Shining One.
  2300 | D:3      | Reached XP level 4. HP: 24/24 MP: 3/8
  2352 | D:3      | Reached skill level 4 in Fire Magic
  2398 | D:3      | Reached skill level 1 in Maces & Flails
  2398 | D:3      | Reached XP level 5. HP: 26/28 MP: 2/9
  2879 | D:3      | Found an ancient bone altar of Kikubaaqudgha.
  3162 | D:3      | Found a runed translucent door.
  3163 | D:3      | Noticed Crazy Yiuf
  3191 | D:3      | Found an opulent altar of Gozag.
  3356 | D:3      | Mangled by Crazy Yiuf

Illustrated notes

Levels and vault maps discovered:
D:1:      nicolae_arrival_washed_ashore, layout_basic, serial_shops, shop,
          st_stairs_6
D:2:      layout_loops_ring
D:3:      layout_basic, overflow_temple_1_default, kiku_gazebo_pond_becter,
          nicolae_tso_swordbearing_angel, grunt_ministairs_4,
          uniq_crazy_yiuf_cottage

Skill      XL: |  1  2  3  4 |
---------------+-------------+-----
Fire Magic     | 4 |  4.3
Maces & Flails | 1 |  1.0
Spellcasting   | 3 |  3.2
Conjurations   | 2 |  2.2
Fighting       | |  0.7
Dodging        | |  1.5
Stealth        | |  2.1

Action                   |  1- 3 |  4- 6 || total
-------------------------+-------+-------++-------
Melee: Whip              |    35 |    37 ||    72
       Punch             |       |     1 ||     1
 Cast: Foxfire           |    46 |    18 ||    64
       Scorch            |     5 |     5 ||    10
 Stab: Sleeping          |       |     1 ||     1
Armor: Robe              |    16 |    22 ||    38
Dodge: Dodged            |    15 |    38 ||    53
